 Dungeon Crawl Stone Soup version 0.29.1-1-gd02db6906a (webtiles) character file.

Game seed: 7874327776695556451

37 mortz the Sneak (level 3, 0/16 HPs)
             Began as a Spriggan Earth Elementalist on Oct 4, 2022.
             Succumbed to Terence's poison
             ... on level 2 of the Dungeon.
             The game lasted 00:05:58 (1158 turns).

mortz the Sneak (Spriggan Earth Elementalist)       Turns: 1158, Time: 00:05:58

Health: 0/16       AC:  2    Str:  4    XL:     3   Next: 21%
Magic:  6/8        EV: 17    Int: 18    God:
Gold:   52         SH:  0    Dex: 15    Spells: 5/8 levels left

rFire   . . .      SeeInvis +   c - +0 dagger
rCold   . . .      Faith    .   (no shield)
rNeg    . . .      Spirit   .   a - +0 robe
rPois   .          Reflect  .   (helmet restricted)
rElec   .          Harm     .   (no cloak)
rCorr   .          Rampage  .   (gloves unavailable)
Will    .....                   (boots unavailable)
Stlth   ++........              (no amulet)
HPRegen 0.05/turn               (no ring)
MPRegen 0.11/turn               (no ring)

@: lethally poisoned (0 -> -14), flying, very quick
A: very small, no large weapons, unfitting armour, see invisible, speed 3
a: no special abilities


You were on level 2 of the Dungeon.
You visited 1 branch of the dungeon, and saw 2 of its levels.

You collected 52 gold pieces.

Inventory:

Hand Weapons
 c - a +0 dagger (weapon)
 f - a +0 dagger
 j - a +0 dagger
Missiles
 g - 7 poisoned darts
Armour
 a - a +0 robe (worn)
Scrolls
 e - a scroll of identify {unknown}
 i - 2 scrolls of immolation
 k - a scroll of torment
 l - a scroll of noise {unknown}
Potions
 b - a potion of magic
 h - a potion of haste {unknown}


   Skills:
 + Level 3.1 Dodging
 + Level 3.6 Stealth
 + Level 3.0 Spellcasting
 + Level 1.3 Transmutations
 + Level 3.3 Earth Magic


You had 5 spell levels left.
You knew the following spells:

 Your Spells              Type           Power      Damage    Failure   Level
a - Sandblast             Erth           28%        2d8       4%          1
p - Passwall              Tmut/Erth      9%         N/A       10%         2

Your spell library contained the following spells:

 Spells                   Type           Power      Damage    Failure   Level
 Stone Arrow              Conj/Erth      16%        3d8       24%         3
 Call Canine Familiar     Summ           2%         N/A       43%         3
 Portal Projectile        Hex/Tloc       4%         N/A       43%         3
 Petrify                  Tmut/Erth      11%        N/A       52%         4
 Leda's Liquefaction      Hex/Erth       4%         N/A       63%         4


Dungeon Overview and Level Annotations

Branches:
Dungeon (2/15) Zot: 11067

Altars:
Makhleb

Annotations:
D:2 Terence


Innate Abilities, Weirdness & Mutations

You are very small and have problems with some larger weapons.
You are too small for most types of armour.
You have supernaturally acute eyesight. (SInv)
You cover ground extremely quickly. (Speed+++)


Message History

You start resting.
HP restored.
You climb downwards.
Found a burning altar of Makhleb.
Found a stone staircase leading up.
There is a stone staircase leading up here.
You climb upwards.
There is a stone staircase leading down here.
There is a stone staircase leading down here.
You climb downwards.
Found a sling.
There is a stone staircase leading up here.
The helpless rat fails to defend itself.
You puncture the rat!
You kill the rat!
Terence the Incautious comes into view.
He is wielding a +2 short sword of venom.
Found a stone staircase leading down.
The helpless Terence fails to defend himself.
You puncture Terence!
Terence is heavily wounded.
Terence misses you.
The blast of sand hits Terence but does no damage.
Terence is heavily wounded.
Terence barely misses you.
Terence says, "You're history."
Terence hits you with a +2 short sword of venom!
Ouch! That really hurt!
You are lethally poisoned!
You are too injured to fight recklessly!
Aiming: Sandblast (safe; 4% risk of failure)
Press: ? - help, Q - select action, (/) - cycle Shift-Dir - straight line, f/p - Terence
Aim: Terence, wielding a +2 short sword of venom and wearing a +0 scale mail (heavily wounded, 84% to hit)
The blast of sand hits Terence but does no damage.
Terence is heavily wounded.
You feel very sick.
Terence hits you with a +2 short sword of venom.
* * * LOW HITPOINT WARNING * * *
You are more poisoned.
It was a potion of flight.
You feel very buoyant.
You fly up into the air.
You die...

##.. #......
#..... #>....
#.... ....
##.###########
#......@@....#
#..#########.#
#..# #.<# #..#
#..# #.)# ####


You could see Terence.

Vanquished Creatures
  2 dart slugs (D:1)
  A ball python (D:1)
  6 endoplasms (D:1)
  4 giant cockroaches (D:1)
  3 goblins (D:1)
  A hobgoblin (D:1)
  3 kobolds (D:1)
  A quokka (D:1)
  A bat (D:1)
  2 frilled lizards (D:1)
  6 rats
30 creatures vanquished.

Vanquished Creatures (others)
  4 toadstools (D:1)
4 creatures vanquished.

Grand Total: 34 creatures vanquished

Notes
Turn   | Place    | Note
-------+----------+-------------------------------------------
     0 | D:1      | mortz the Spriggan Earth Elementalist began the quest for
                  | the Orb.
     0 | D:1      | Reached XP level 1. HP: 9/9 MP: 5/5
   209 | D:1      | Reached XP level 2. HP: 13/13 MP: 4/6
   212 | D:1      | Learned a level 2 spell: Passwall
   551 | D:1      | Reached XP level 3. HP: 16/16 MP: 6/8
  1084 | D:2      | Found a burning altar of Makhleb.
  1149 | D:2      | Noticed Terence
  1158 | D:2      | Succumbed to Terence's poison

Illustrated notes

Levels and vault maps discovered:
D:1:      ldierk_water_garden, layout_loops_ring, dreamdust_mushroom_princess,
          kennysheep_crisscross
D:2:      minmay_chambers_of_twos, layout_loops_ring, basic_altar, uniq_sigmund,
          uniq_terence

Skill      XL: |  1  2  3 |
---------------+----------+-----
Earth Magic    | 3 |  3.3
Dodging        | 3 |  3.1
Spellcasting   | 3 |  3.0
Stealth        | |  3.6
Transmutations | |  1.3

Action                   || total
-------------------------++-------
Melee: Dagger            ||    17
 Cast: Sandblast         ||    28
  Use: Scroll            ||     2
       Potion            ||     1
 Stab: Sleeping          ||    12
Armor: Robe              ||     2
Dodge: Dodged            ||    16
